Map: Acid Plant LE

Players

A.I. 1 (Medium)

  • Race: Terran Terran
  • Spawn Location: 11:00

turt - Winner!

  • Race: Terran Terran
  • Spawn Location: 5:00

VOD

Have the link to the VOD?

Description

Time

  • Played on: Jan. 25, 2024, 6:55 p.m.
  • Length: 10:49
Show
View Real Time Build Order
Export as new Build Order

A.I. 1 (Medium) Terran 

Build Orders: 2 Factory 

Get SALT Encoding   

  12  0:00  SCV  
  13  0:13  SCV  
  14  0:18  Supply Depot  
  14  0:25  SCV  
  15  0:40  SCV  
  15  0:42  Barracks  
  16  0:52  SCV  
  17  1:04  SCV  
  18  1:16  Command Center  
  18  1:29  Orbital Command  
  18  1:30  Marine  
  19  1:39  Supply Depot  
  19  1:45  Refinery  
  19  1:48  Marine  
  20  1:55  SCV  
  21  2:01  Barracks  
  21  2:07  SCV, Refinery  
  22  2:19  Marine  
  22  2:20  SCV  
  24  2:27  Supply Depot  
  24  2:36  SCV  
  25  2:38  Barracks Tech Lab  
  25  2:48  Marine  
  25  2:50  SCV  
  27  2:55  Refinery  
  28  2:58  SCV  
  28  3:06  Barracks Tech Lab, Marine  
  28  3:12  Factory  
  29  3:17  SCV  
  30  3:24  Factory  
  30  3:25  Marauder  
  32  3:32  Refinery  
  32  3:42  SCV  
  32  3:44  Marauder  
  32  3:45  SCV  
  36  3:54  SCV  
  37  3:57  Factory Tech Lab, SCV  
  37  4:02  Marine  
  39  4:06  SCV  
  39  4:07  Factory Tech Lab  
  39  4:09  SCV  
  41  4:18  SCV  
  41  4:20  Marine  
  41  4:23  SCV, Supply Depot  
  44  4:30  SCV  
  45  4:35  SCV  
  46  4:39  Marine  
  46  4:44  SCV  
  48  4:47  SCV  
  48  4:50  Supply Depot  
  49  4:56  SCV  
  49  4:58  Marauder  
  52  5:11  SCV  
  53  5:14  Supply Depot, SCV  
  53  5:17  Marauder  
  53  5:19  Starport  
  56  5:24  SCV  
  56  5:26  SCV  
  61  5:35  Siege Tank  
  61  5:36  SCV  
  61  5:37  Engineering Bay  
  61  5:41  Supply Depot, SCV  
  63  5:48  SCV  
  64  5:53  SCV  
  64  5:54  Cyclone  
  64  5:56  Starport Tech Lab  
  67  6:00  SCV  
  68  6:04  Missile Turret  
  68  6:05  SCV  
  68  6:06  Missile Turret  
  68  6:08  Supply Depot  
  68  6:10  Missile Turret  
  69  6:12  SCV  
  69  6:13  Siege Tank, Sensor Tower  
  69  6:15  Missile Turret  
  69  6:16  Raven  
  69  6:17  SCV  
  76  6:19  Armory  
  76  6:24  SCV  
  77  6:27  Barracks  
  77  6:30  SCV  
  78  6:34  Bunker  
  78  6:36  SCV  
  79  6:50  Raven  
  81  7:14  Barracks Reactor  
  81  7:24  Viking  
  83  9:31  Command Center  
  83  9:55  Raven  
  83  9:56  Hellion  
  83  9:58  Supply Depot  
  62  10:00  Starport  
  62  10:01  Marauder  
  62  10:02  Ghost Academy  
  62  10:04  Fusion Core  
  62  10:06  Marine  
  56  10:11  Marine  
  56  10:13  SCV  
  37  10:16  Marine  
  32  10:22  Marine  
  32  10:25  Factory Tech Lab, SCV  
Show
View Real Time Build Order
Export as new Build Order

turt Terran - Winner!

Build Orders: Reaper Expand 

Get SALT Encoding   

  12  0:01  SCV  
  13  0:13  SCV  
  14  0:17  Supply Depot  
  14  0:25  SCV  
  15  0:38  SCV  
  15  0:40  Barracks  
  16  0:44  Refinery  
  16  0:50  SCV  
  17  1:03  SCV  
  18  1:15  SCV  
  19  1:27  Orbital Command, Reaper  
  20  1:41  Command Center  
  20  1:48  Supply Depot  
  20  1:53  SCV  
  21  1:59  Marine  
  22  2:05  SCV  
  23  2:11  Factory  
  23  2:17  SCV, Refinery  
  23  2:20  Barracks Reactor  
  24  2:29  SCV  
  25  2:41  SCV  
  26  2:53  Orbital Command  
  26  2:54  SCV  
  26  2:57  Starport  
  27  3:05  Hellion x2, Barracks Tech Lab  
  31  3:06  SCV  
  32  3:18  SCV  
  32  3:19  SCV  
  34  3:26  Stimpack, Marine  
  35  3:30  SCV  
  35  3:31  SCV  
  37  3:37  Factory Reactor  
  37  3:39  Viking  
  39  3:42  SCV  
  39  3:43  SCV  
  41  3:50  Command Center  
  41  3:54  SCV  
  42  3:56  Supply Depot, SCV  
  42  3:57  Marine  
  44  4:06  SCV  
  44  4:08  SCV  
  46  4:14  Barracks  
  46  4:16  Barracks  
  46  4:17  Starport Reactor  
  46  4:18  SCV  
  46  4:20  SCV  
  46  4:21  Marine  
  46  4:23  Factory Reactor  
  49  4:30  SCV  
  50  4:32  SCV, Engineering Bay  
  50  4:33  Engineering Bay  
  50  4:38  Supply Depot  
  51  4:41  Supply Depot  
  51  4:42  SCV, Marine  
  51  4:44  SCV  
  54  4:58  Refinery  
  54  4:59  SCV x2, Medivac x2  
  60  5:00  Refinery  
  60  5:02  Terran Infantry Armor Level 1  
  60  5:09  Orbital Command  
  60  5:11  SCV  
  61  5:14  Terran Infantry Weapons Level 1  
  61  5:15  Marine x2, SCV  
  61  5:18  Marine x2  
  67  5:23  SCV  
  67  5:27  SCV  
  69  5:33  Marine  
  69  5:34  Marine, Reaper  
  69  5:35  Orbital Command, Marine  
  71  5:36  Marine, SCV  
  71  5:39  SCV  
  71  5:42  Supply Depot  
  75  5:48  SCV  
  76  5:51  SCV, Marine  
  76  5:52  Marine  
  76  5:53  Combat Shield, Marine x2  
  76  5:55  Medivac x2  
  85  6:03  SCV  
  85  6:04  Supply Depot, Widow Mine x2  
  90  6:05  Marine, SCV x2, Supply Depot  
  93  6:15  SCV, Marine x4  
  98  6:18  Armory  
  98  6:20  SCV x2  
  98  6:23  Marine  
  101  6:26  Widow Mine x2  
  101  6:29  Factory  
  101  6:32  SCV x2  
  107  6:33  Marine x3  
  107  6:36  Marine  
  107  6:37  Barracks  
  107  6:38  Barracks  
  111  6:41  Marine  
  111  6:44  SCV x2  
  114  6:48  SCV  
  114  6:51  Supply Depot, Marine  
  114  6:52  Supply Depot  
  116  6:56  SCV  
  116  6:57  Supply Depot  
  116  7:00  Supply Depot  
  117  7:04  Supply Depot  
  117  7:08  Supply Depot  
  117  7:10  Terran Infantry Weapons Level 2  
  117  7:11  Terran Infantry Armor Level 2  
  117  7:12  SCV x3, Concussive Shells  
  117  7:13  Marauder  
  117  7:14  Medivac  
  117  7:15  Medivac  
  126  7:19  Factory Tech Lab  
  126  7:24  SCV x2  
  126  7:28  Barracks Reactor, Barracks Tech Lab  
  128  7:35  Marauder, Marine x4  
  134  7:39  Terran Vehicle And Ship Armor Level 1, Supply Depot  
  134  7:41  Supply Depot  
  134  7:43  SCV  
  136  7:50  Supply Depot, Marauder  
  138  7:52  Marine, Supply Depot  
  138  7:53  Marine x3  
  138  7:56  Marauder  
  138  7:57  Command Center  
  143  8:01  Drilling Claws  
  143  8:04  Widow Mine x3  
  149  8:05  SCV  
  149  8:08  Marine  
  149  8:09  Marine  
  149  8:10  Marine x2  
  149  8:11  Marauder  
  156  8:18  Marauder  
  158  8:23  Marine x2  
  158  8:26  Marine  
  161  8:27  Marine  
  161  8:28  Marine x2  
  161  8:32  Marauder  
  161  8:33  Barracks  
  166  8:36  Barracks  
  166  8:37  Medivac x2  
  166  8:39  Marauder  
  166  8:41  Marine  
  173  8:51  Marine x2  
  173  8:52  Marine x3  
  173  8:54  Marauder  
  180  8:59  Widow Mine x3, Marine  
  180  9:00  Marauder  
  189  9:09  Marine x3  
  191  9:10  Marine x2  
  191  9:15  Marauder  
  191  9:16  Marine  
  197  9:20  Widow Mine  
  197  9:22  Command Center  
  193  10:10  Marauder  
  193  10:11  Barracks Reactor, Barracks Tech Lab, Marine, Marauder  
  193  10:12  Marine x2  
Tags
 
Add a new tag
Caveats
  • Supply blocks, unpowered buildings, or Contaminate may cause inaccurate times.
  • Supply counts are checked every 10 seconds.